 Dungeon Crawl Stone Soup version 0.20.0-10-g0535bb4 (webtiles) character file.

35 Gardzamaka the Sneak (level 3, -3/24 HPs)
             Began as an Octopode Assassin on June 6, 2017.
             Slain by a kobold
             ... wielding a +4 short sword
              (9 damage)
             ... on level 2 of the Dungeon.
             The game lasted 00:13:43 (605 turns).

Gardzamaka the Sneak (Octopode Assassin)             Turns: 605, Time: 00:13:44

Health: -3/24      AC:  1    Str: 11    XL:     3   Next: 33%
Magic:  3/3        EV: 13    Int: 13    God:
Gold:   23         SH:  0    Dex: 13    Spells: 2/2 levels left

rFire    . . .     SeeInvis .   a - +2 dagger
rCold    . . .     Gourm    .   (no shield)
rNeg     . . .     Faith    .   (helmet restricted)
rPois    .         Spirit   .   (no amulet)
rElec    .         Reflect  .   (no ring)
rCorr    .         Harm     .   (no ring)
MR       .....                  (no ring)
Stlth    ++++......             (no ring)
Regen    0.1/turn               (no ring)
MPRegen  0.1/turn               (no ring)
                                (no ring)
                                (no ring)

@: no status effects
A: almost no armour, stealthy swim, amphibious, 8 rings, constrict 8, camouflage
1, gelatinous body 1
a: no special abilities


You were on level 2 of the Dungeon.
You were not hungry.

You visited 1 branch of the dungeon, and saw 2 of its levels.

You collected 23 gold pieces.

Inventory:

Hand Weapons
 a - a +2 dagger (weapon)
 b - a +0 blowgun
 l - a +0 club
 m - a +0 dagger
 n - a +0 club
 o - a cursed -3 whip
 r - a +0 short sword
Missiles
 c - 8 poisoned needles
 d - 2 curare-tipped needles
 p - 3 stones (quivered)
Armour
 g - a cursed -2 ring mail
 h - a +0 robe
 j - a +0 pair of boots
Scrolls
 e - a scroll of identify {unknown}
 k - a scroll of enchant weapon {unknown}
Potions
 i - 2 potions of curing {unknown}
Comestibles
 f - 3 bread rations
 q - a royal jelly
 s - 4 fruits


   Skills:
 + Level 2.2 Fighting
 + Level 2.0 Short Blades
 + Level 2.0 Throwing
 + Level 1.3 Dodging
 + Level 6.4 Stealth


You had 2 spell levels left.
You didn't know any spells.

Dungeon Overview and Level Annotations

Branches:
Dungeon (2/15)

Altars:


Innate Abilities, Weirdness & Mutations

You cannot wear most types of armour.
You are very stealthy in the water. (Stealth+)
You are amphibious.
You can wear up to eight rings at the same time.
You can use your tentacles to constrict eight enemies at once.
Your skin changes colour to match your surroundings (Stealth+).
Your rubbery body absorbs attacks. (AC +1, EV +1)


Message History

The jackal closely misses you.
You hit the worm. You grab the worm.
The worm is heavily wounded.
You constrict the jackal. You constrict the worm.
The jackal closely misses you. The worm misses you.
You hit the worm.
The worm is severely wounded.
You constrict the jackal.
You kill the jackal!
You constrict the worm. You hit the worm.
You kill the worm!
The kobold throws a stone.
The stone hits you.
* * * LOW HITPOINT WARNING * * *
You see here a worm corpse.
You hit the kobold. You grab the kobold. Your squeeze misses the kobold.
The kobold is moderately wounded.
You constrict the kobold.
The kobold hits you with an enchanted short sword!
You die...

.## >. ###### .###
#....# ##+#....
#.##.# ###...#
#.##.# #.'...# ###
#.##.# #.#...# ....
#.##.# #.#(†.# .....
#.##.# #.#.@K#..[...
#.##.# #.#.........$
#.##.# #.#..........
#.##.# #.#..........
#.##.# #.#......####
#.##.#####.#......#
#..........#......#
#####.#######......#
#.........# ####...#


You could see a kobold.

Vanquished Creatures
  An ooze (D:1)
  2 worms (D:2)
  2 dart slugs (D:1)
  A leopard gecko (D:1)
  A hobgoblin (D:1)
  A jackal (D:2)
  3 kobolds
  4 bats
  3 goblins
  A rat (D:1)
19 creatures vanquished.

Notes
Turn   | Place    | Note
-------+----------+-------------------------------------------
     0 | D:1      | Gardzamaka the Octopode Assassin began the quest for the Orb.
     0 | D:1      | Reached XP level 1. HP: 14/14 MP: 1/1
     1 | D:1      | Noticed an ogre
     7 | D:1      | Noticed a formicid
     7 | D:1      | Noticed a troll
    55 | D:1      | Noticed a human
    56 | D:1      | Noticed a naga
    58 | D:1      | Noticed a gargoyle
    60 | D:1      | Noticed a ghoul
    62 | D:1      | Noticed an elf
    62 | D:1      | Noticed a vine stalker
    64 | D:1      | Noticed an ogre
    64 | D:1      | Noticed a human
    64 | D:1      | Noticed a draconian
    66 | D:1      | Noticed a gargoyle
   391 | D:1      | Reached XP level 2. HP: 15/19 MP: 2/2
   399 | D:1      | Reached skill level 6 in Stealth
   500 | D:2      | Reached XP level 3. HP: 22/24 MP: 3/3
   605 | D:2      | Slain by a kobold

Skill      XL: |  1  2 |
---------------+-------+-----
Stealth        | 6 |  6.4
Fighting       | |  2.2
Short Blades   | |  2.0
Throwing       | |  2.0
Dodging        | |  1.3

Action                   || total
-------------------------++-------
Melee: Dagger            ||    39
       Constrict         ||    14
       Tentacles         ||     9
 Stab: Sleeping          ||     2
       Distracted        ||     1
Armor: Skin              ||     5
Dodge: Dodged            ||    21
